Calgary Flames vs Chicago Black Hawks
(R2)
Created - Thursday, May 16, 2024 at 07:52
Goals
|
| Calgary Flames |
0 |
2 |
2 |
4 |
| Chicago Black Hawks |
1 |
0 |
1 |
2 |
|
Shots
|
| Calgary Flames |
12 |
15 |
13 |
40 |
| Chicago Black Hawks |
13 |
6 |
13 |
32 |
|
1st period
1. Chicago Black Hawks , Vincent Trocheck 28 (Kevin Fiala 39) at 4:57 (PP)
Penalties :
Rafael Harvey-Pinard (CGY) for Holding (Minor) at 3:45, Marcus Pettersson (CHI) for Hooking (Minor) at 7:56, Kevin Fiala (CHI) for High sticking (Minor) at 12:24
2nd period
2. Calgary Flames , Nic Dowd 4 (Mathieu Joseph 12, Rasmus Andersson 22) at 0:52
3. Calgary Flames , Kris Letang 8 (Drew Doughty 23) at 10:42 (PP)
Penalties :
Drew Doughty (CGY) for Hooking (Minor) at 4:18, Brent Burns (CHI) for Hooking (Minor) at 6:37, Nicholas Paul (CHI) for Holding (Minor) at 8:52, Matthew Tkachuk (CGY) for Tripping (Minor) at 12:07
3rd period
4. Calgary Flames , J.T. Miller 22 (Matthew Tkachuk 39, Kris Letang 23) at 4:49 (PP)
5. Chicago Black Hawks , Patrice Bergeron 34 (Kirby Dach 36) at 8:24 (PP)
6. Calgary Flames , Joel Eriksson Ek 22 (Matthew Tkachuk 40, Rasmus Andersson 23) at 9:32 (PP)
Penalties :
Matthew Tkachuk (CGY) for Tripping (Minor) at 0:34, Marcus Pettersson (CHI) for Interference (Minor) at 3:28, Timo Meier (CGY) for Hooking (Minor) at 8:08, Barrett Hayton (CHI) for Holding (Minor) at 8:49, Mathieu Joseph (CGY) for Interference (Minor) at 10:02
Goalie Stats
Ilya Sorokin (CGY), 30 saves from 32 shots - (0.938), W, 30-11-3, 60:00 minutes
Jordan Binnington (CHI), 36 saves from 40 shots - (0.900), L, 6-4-1, 60:00 minutes
Players Stats for Calgary Flames
Player Name G A P +/- PIM S H SB GA TA FO MP PP MP PK MP
------------------------------------------------------------------------------------
Cole Sillinger 0 0 0 0 0 1 1 1 0 0 1/2 6:45 0:00 0:00
Drew Doughty 0 1 1 1 2 1 3 1 0 0 0/0 23:55 5:09 3:38
J.T. Miller 1 0 1 0 0 4 3 2 0 1 13/26 21:00 5:13 4:37
Jacob Middleton 0 0 0 0 0 1 1 1 0 0 0/0 11:49 0:00 0:00
Jeff Petry 0 0 0 0 0 1 1 4 1 0 0/0 15:30 0:00 0:42
Joel Eriksson Ek 1 0 1 0 0 5 3 0 0 3 0/4 21:22 5:13 4:47
Kris Letang 1 1 2 0 0 5 3 0 0 0 0/0 22:47 5:09 4:43
Mathieu Joseph 0 1 1 1 2 2 2 2 0 1 0/0 14:36 0:00 3:37
Matthew Tkachuk 0 2 2 0 4 5 0 0 0 0 0/0 18:09 5:13 1:01
Michael Anderson 0 0 0 0 0 0 2 3 0 0 0/0 23:33 4:42 5:04
Nic Dowd 1 0 1 1 0 3 0 0 0 0 3/12 15:56 0:00 4:29
Oliver Bjorkstrand 0 0 0 1 0 1 1 0 0 0 0/0 10:47 0:00 0:00
Rafael Harvey-Pinard 0 0 0 0 2 1 3 0 0 0 0/0 6:44 0:00 0:00
Rasmus Andersson 0 2 2 1 0 1 2 0 0 1 0/0 22:45 4:42 4:41
Sebastian Aho 0 0 0 0 0 4 0 0 0 0 11/20 15:29 4:38 0:02
Timo Meier 0 0 0 0 2 4 1 1 1 1 0/2 16:50 4:38 0:15
Yakov Trenin 0 0 0 0 0 0 0 0 0 0 0/0 6:45 0:00 0:00
Zach Hyman 0 0 0 0 0 1 1 0 0 0 0/0 15:48 4:38 0:00
Players Stats for Chicago Black Hawks
Player Name G A P +/- PIM S H SB GA TA FO MP PP MP PK MP
------------------------------------------------------------------------------------
Barrett Hayton 0 0 0 0 2 1 2 0 1 0 2/6 21:38 4:14 4:40
Bo Horvat 0 0 0 0 0 3 1 0 0 1 5/14 17:12 5:10 0:00
Brent Burns 0 0 0 -1 2 2 0 3 2 0 0/0 24:43 5:05 3:33
Cale Makar 0 0 0 0 0 2 3 0 1 0 0/0 21:40 4:19 0:18
Conor Sheary 0 0 0 -1 0 2 0 0 0 0 1/1 10:18 0:00 0:00
Devon Toews 0 0 0 -1 0 1 1 4 0 0 0/0 21:21 4:11 5:16
Frederick Gaudreau 0 0 0 0 0 0 0 0 0 0 0/1 7:16 0:00 4:48
Jaden Schwartz 0 0 0 -1 0 5 1 0 0 0 0/0 11:14 0:00 0:23
Kevin Fiala 0 1 1 0 2 1 2 0 0 0 0/1 17:59 5:10 0:00
Kirby Dach 0 1 1 0 0 3 1 2 1 0 0/1 16:56 4:14 0:00
Marcus Pettersson 0 0 0 0 4 0 0 0 0 0 0/0 11:23 0:00 0:44
Michael Rasmussen 0 0 0 0 0 1 1 0 0 0 0/1 10:12 0:00 5:03
Nicholas Paul 0 0 0 -1 2 1 0 0 2 1 8/8 13:38 0:00 0:00
Patrice Bergeron 1 0 1 0 0 7 2 1 0 0 20/31 22:02 4:14 4:48
Seth Jones 0 0 0 0 0 0 0 1 0 0 0/0 23:12 5:05 4:35
Shane Pinto 0 0 0 0 0 0 0 0 0 0 2/2 4:26 0:00 0:00
Travis Sanheim 0 0 0 0 0 0 1 0 0 0 0/0 17:41 0:08 5:16
Vincent Trocheck 1 0 1 0 0 3 0 0 0 0 0/0 17:12 5:10 0:00
3 Stars
1 - Kris Letang (CGY)
2 - Rasmus Andersson (CGY)
3 - J.T. Miller (CGY)
Power Play
Calgary Flames - 3 on 6 Attempt(s) - 50.00%
Chicago Black Hawks - 2 on 6 Attempt(s) - 33.33%
Penalty Kill
Calgary Flames - 4 on 6 Attempt(s) - 66.67%
- Score 0 goal in Penalty Kill
Chicago Black Hawks - 3 on 6 Attempt(s) - 50.00%
- Score 0 goal in Penalty Kill
Team Stat
Calgary Flames - Hits : 27 - Faceoff Wins : 28 - Blocked Shots : 15 - Penalty Minutes : 12
Chicago Black Hawks - Hits : 15 - Faceoff Wins : 38 - Blocked Shots : 11 - Penalty Minutes : 12
Official
Referees : Jacob Brenk and Mike Hasenfratz
Linesman : Lonnie Cameron and Scott Cherrey
Game Notes
No Game Note
Finance
Level 1 -- Attendance: 4761 (79.35%) -- Ticket Income $476,100
Level 2 -- Attendance: 3832 (76.64%) -- Ticket Income $229,920
Level 3 -- Attendance: 2408 (80.27%) -- Ticket Income $84,280
Level 4 -- Attendance: 3821 (76.42%) -- Ticket Income $95,525
Luxury Box -- Attendance: 861 (86.10%) -- Ticket Income $172,200
Game was played at the United Center.
Total Attendance: 15683 (78.42%)
Total Ticket Income: $1,058,025
Other Income: $370,309
Total Income: $1,428,334
Calgary Flames
5 vs 5 Forward
Center Left Wing Right Wing Time % Phy DF OF
1 J.T. Miller Matthew Tkachuk Joel Eriksson Ek 31 0 2 3
2 Sebastian Aho Zach Hyman Timo Meier 30 0 2 3
3 Nic Dowd Mathieu Joseph Oliver Bjorkstrand 29 0 2 3
4 Cole Sillinger Rafael Harvey-Pinard Yakov Trenin 10 1 3 1
5 vs 5 Defense
Defense Defense Time % Phy DF OF
1 Drew Doughty Rasmus Andersson 35 1 3 1
2 Jeff Petry Michael Anderson 35 1 3 1
3 Jacob Middleton Kris Letang 30 1 3 1
4 Kris Letang Drew Doughty 0 1 3 1
PowerPlay Forward
Center Left Wing Right Wing Time % Phy DF OF
1 J.T. Miller Matthew Tkachuk Joel Eriksson Ek 50 0 0 5
2 Sebastian Aho Zach Hyman Timo Meier 50 0 0 5
PowerPlay Defense
Defense Defense Time % Phy DF OF
1 Kris Letang Drew Doughty 50 0 0 5
2 Rasmus Andersson Michael Anderson 50 0 0 5
Penalty Kill 4 Players Forward
Center Wing Time % Phy DF OF
1 Joel Eriksson Ek Mathieu Joseph 50 0 5 0
2 J.T. Miller Nic Dowd 50 0 5 0
Penalty Kill 4 Players Defense
Defense Defense Time % Phy DF OF
1 Kris Letang Drew Doughty 50 0 5 0
2 Rasmus Andersson Michael Anderson 50 0 5 0
Penalty Kill - 3 Players Forward
Forward Time % Phy DF OF
1 J.T. Miller 50 0 5 0
2 Sebastian Aho 50 0 5 0
Penalty Kill - 3 Players Defense
Defense Defense Time % Phy DF OF
1 Kris Letang Drew Doughty 50 0 5 0
2 Michael Anderson Rasmus Andersson 50 0 5 0
4 vs 4 Forward
Center Wing Time % Phy DF OF
1 J.T. Miller Timo Meier 50 1 2 2
2 Sebastian Aho Zach Hyman 50 1 2 2
4 vs 4 Defense
Defense Defense Time % Phy DF OF
1 Kris Letang Drew Doughty 50 1 2 2
2 Rasmus Andersson Jeff Petry 50 1 2 2
Last Minutes Offensive
Center Left Wing Right Wing Defense Defense
J.T. Miller Matthew Tkachuk Sebastian Aho Kris Letang Drew Doughty
Last Minutes Defensive
Center Left Wing Right Wing Defense Defense
J.T. Miller Sebastian Aho Joel Eriksson Ek Jeff Petry Drew Doughty
Goaltenders
Starting : Ilya Sorokin
Backup : Samuel Montembeault
Extra Forwards
Normal : Nic Dowd, Joel Eriksson Ek, Mathieu Joseph - PP : Nic Dowd, Joel Eriksson Ek - PK : Mathieu Joseph
Extra Defensemen
Normal : Rasmus Andersson, Michael Anderson, Kris Letang - PP : Rasmus Andersson - PK : Michael Anderson, Kris Letang
Penalty Shots
J.T. Miller, Matthew Tkachuk, Sebastian Aho, Joel Eriksson Ek, Timo Meier
Chicago Black Hawks
5 vs 5 Forward
Center Left Wing Right Wing Time % Phy DF OF
1 Bo Horvat Kevin Fiala Vincent Trocheck 30 1 2 2
2 Patrice Bergeron Barrett Hayton Kirby Dach 30 1 2 2
3 Nicholas Paul Jaden Schwartz Conor Sheary 25 1 2 2
4 Shane Pinto Michael Rasmussen Nicholas Paul 15 1 2 2
5 vs 5 Defense
Defense Defense Time % Phy DF OF
1 Cale Makar Seth Jones 30 0 3 2
2 Brent Burns Devon Toews 30 1 3 1
3 Travis Sanheim Marcus Pettersson 25 0 4 1
4 Cale Makar Brent Burns 15 0 3 2
PowerPlay Forward
Center Left Wing Right Wing Time % Phy DF OF
1 Bo Horvat Kevin Fiala Vincent Trocheck 50 0 0 5
2 Patrice Bergeron Barrett Hayton Kirby Dach 50 0 0 5
PowerPlay Defense
Defense Defense Time % Phy DF OF
1 Brent Burns Seth Jones 50 0 1 4
2 Cale Makar Devon Toews 50 0 1 4
Penalty Kill 4 Players Forward
Center Wing Time % Phy DF OF
1 Patrice Bergeron Frederick Gaudreau 50 0 5 0
2 Barrett Hayton Michael Rasmussen 50 0 5 0
Penalty Kill 4 Players Defense
Defense Defense Time % Phy DF OF
1 Devon Toews Travis Sanheim 50 0 5 0
2 Brent Burns Seth Jones 50 0 5 0
Penalty Kill - 3 Players Forward
Forward Time % Phy DF OF
1 Bo Horvat 50 0 5 0
2 Frederick Gaudreau 50 0 5 0
Penalty Kill - 3 Players Defense
Defense Defense Time % Phy DF OF
1 Marcus Pettersson Seth Jones 50 0 5 0
2 Travis Sanheim Devon Toews 50 0 5 0
4 vs 4 Forward
Center Wing Time % Phy DF OF
1 Vincent Trocheck Frederick Gaudreau 50 1 2 2
2 Shane Pinto Kevin Fiala 50 1 2 2
4 vs 4 Defense
Defense Defense Time % Phy DF OF
1 Devon Toews Travis Sanheim 50 1 3 1
2 Marcus Pettersson Cale Makar 50 0 4 1
Last Minutes Offensive
Center Left Wing Right Wing Defense Defense
Bo Horvat Kevin Fiala Vincent Trocheck Cale Makar Seth Jones
Last Minutes Defensive
Center Left Wing Right Wing Defense Defense
Bo Horvat Kevin Fiala Vincent Trocheck Cale Makar Seth Jones
Goaltenders
Starting : Jordan Binnington
Backup : Thatcher Demko
Extra Forwards
Normal : Frederick Gaudreau, Nicholas Paul, Jaden Schwartz - PP : Frederick Gaudreau, Nicholas Paul - PK : Jaden Schwartz
Extra Defensemen
Normal : Travis Sanheim, Marcus Pettersson, Brent Burns - PP : Travis Sanheim - PK : Marcus Pettersson, Brent Burns
Penalty Shots
Bo Horvat, Patrice Bergeron, Vincent Trocheck, Kevin Fiala, Barrett Hayton
% Time on Ice - Calgary Flames
Lines # - Real PCT - Wanted PCT - Time Play
Normal Forward
1 - 29% - 31% - 11:57
2 - 28% - 30% - 11:16
3 - 26% - 29% - 10:47
4 - 17% - 10% - 6:45
Normal Defense
1 - 34% - 35% - 13:48
2 - 37% - 35% - 15:12
3 - 29% - 30% - 11:45
4 - 0% - 0% - 0:00
PP Forward
1 - 53% - 50% - 5:13
2 - 47% - 50% - 4:38
PP Defense
1 - 52% - 50% - 5:09
2 - 48% - 50% - 4:42
PK Forward
1 - 51% - 50% - 4:49
2 - 49% - 50% - 4:35
PK Defense
1 - 50% - 50% - 4:43
2 - 50% - 50% - 4:41
PK3 Forward
1 - 0% - 50%
2 - 0% - 50%
PK3 Defense
1 - 0% - 50%
2 - 0% - 50%
44 Forward
1 - 0% - 50%
2 - 0% - 50%
44 Defense
1 - 0% - 50%
2 - 0% - 50%
Last Minute Offensive - 0:00
Last Minute Defensive - 0:00
Total
Forward - 60:00
Defense - 60:00
|
% Time on Ice - Chicago Black Hawks
Lines # - Real PCT - Wanted PCT - Time Play
Normal Forward
1 - 33% - 30% - 13:16
2 - 31% - 30% - 12:45
3 - 25% - 25% - 10:18
4 - 11% - 15% - 4:26
Normal Defense
1 - 34% - 30% - 13:47
2 - 32% - 30% - 13:08
3 - 24% - 25% - 9:57
4 - 10% - 15% - 3:53
PP Forward
1 - 55% - 50% - 5:10
2 - 45% - 50% - 4:14
PP Defense
1 - 54% - 50% - 5:05
2 - 46% - 50% - 4:19
PK Forward
1 - 49% - 50% - 4:48
2 - 51% - 50% - 5:03
PK Defense
1 - 53% - 50% - 5:16
2 - 47% - 50% - 4:35
PK3 Forward
1 - 0% - 50%
2 - 0% - 50%
PK3 Defense
1 - 0% - 50%
2 - 0% - 50%
44 Forward
1 - 0% - 50%
2 - 0% - 50%
44 Defense
1 - 0% - 50%
2 - 0% - 50%
Last Minute Offensive - 0:00
Last Minute Defensive - 0:00
Total
Forward - 60:00
Defense - 60:00
|
Play-by-Play
1st period
0:01 of 1st period - Bo Horvat wins face-off versus J.T. Miller in neutral zone.
0:04 of 1st period - Slapshot by Bo Horvat.
0:04 of 1st period - Stopped by Ilya Sorokin without a rebound.
0:05 of 1st period - J.T. Miller wins face-off versus Bo Horvat in Calgary Flames zone.
0:18 of 1st period - Snap shot by Bo Horvat.
0:18 of 1st period - Stopped by Ilya Sorokin without a rebound.
0:19 of 1st period - Sebastian Aho wins face-off versus Barrett Hayton in Calgary Flames zone.
0:26 of 1st period - Snap shot by Patrice Bergeron.
0:26 of 1st period - Stopped by Ilya Sorokin without a rebound.
0:27 of 1st period - Sebastian Aho wins face-off versus Patrice Bergeron in Calgary Flames zone.
0:36 of 1st period - Wrist shot by Sebastian Aho.
0:36 of 1st period - Stopped by Jordan Binnington with a rebound.
1:00 of 1st period - Slapshot by Zach Hyman.
1:00 of 1st period - Shot Misses the Net.
1:14 of 1st period - Snap shot by Patrice Bergeron.
1:14 of 1st period - Stopped by Ilya Sorokin with a rebound.
1:16 of 1st period - Wrist shot by Barrett Hayton.
1:16 of 1st period - Shot Blocked by Michael Anderson.
1:18 of 1st period - Snap shot by Devon Toews.
1:18 of 1st period - Stopped by Ilya Sorokin without a rebound.
1:19 of 1st period - Nicholas Paul wins face-off versus Nic Dowd in Calgary Flames zone.
1:20 of 1st period - Snap shot by Jaden Schwartz.
1:20 of 1st period - Stopped by Ilya Sorokin without a rebound.
1:21 of 1st period - Nicholas Paul wins face-off versus Nic Dowd in Calgary Flames zone.
1:53 of 1st period - Vincent Trocheck is hit by Joel Eriksson Ek and loses puck.
2:28 of 1st period - Cale Makar is hit by Mathieu Joseph and loses puck.
2:45 of 1st period - Cale Makar is hit by Joel Eriksson Ek.
2:46 of 1st period - Icing by Cale Makar.
2:47 of 1st period - Patrice Bergeron wins face-off versus J.T. Miller in Chicago Black Hawks zone.
3:21 of 1st period - Wrist shot by Jaden Schwartz.
3:21 of 1st period - Stopped by Ilya Sorokin without a rebound.
3:22 of 1st period - Cole Sillinger wins face-off versus Bo Horvat in Calgary Flames zone.
3:45 of 1st period - Minor Penalty to Rafael Harvey-Pinard for Holding.
3:46 of 1st period - Bo Horvat wins face-off versus Joel Eriksson Ek in Calgary Flames zone.
4:13 of 1st period - Brent Burns is hit by Drew Doughty.
4:21 of 1st period - Backhand shot by Kirby Dach.
4:21 of 1st period - Stopped by Ilya Sorokin with a rebound.
4:23 of 1st period - Wrist shot by Barrett Hayton.
4:23 of 1st period - Stopped by Ilya Sorokin without a rebound.
4:24 of 1st period - J.T. Miller wins face-off versus Bo Horvat in Calgary Flames zone.
4:33 of 1st period - Snap shot by Kevin Fiala.
4:33 of 1st period - Stopped by Ilya Sorokin without a rebound.
4:34 of 1st period - Bo Horvat wins face-off versus Joel Eriksson Ek in Calgary Flames zone.
4:57 of 1st period - Snap shot by Vincent Trocheck.
4:57 of 1st period - Goal by Vincent Trocheck - Calgary Flames : 0 - Chicago Black Hawks : 1.
4:58 of 1st period - Nicholas Paul wins face-off versus Nic Dowd in neutral zone.
5:10 of 1st period - Snap shot by Conor Sheary.
5:10 of 1st period - Deflect By Jaden Schwartz.
5:10 of 1st period - Stopped by Ilya Sorokin without a rebound.
5:11 of 1st period - J.T. Miller wins face-off versus Michael Rasmussen in Calgary Flames zone.
5:28 of 1st period - Shane Pinto is hit by J.T. Miller and loses puck.
6:09 of 1st period - Snap shot by Nicholas Paul.
6:09 of 1st period - Deflect By Jaden Schwartz.
6:09 of 1st period - Stopped by Ilya Sorokin without a rebound.
6:10 of 1st period - Nic Dowd wins face-off versus Bo Horvat in Calgary Flames zone.
7:15 of 1st period - Wrist shot by Oliver Bjorkstrand.
7:15 of 1st period - Stopped by Jordan Binnington with a rebound.
7:17 of 1st period - Slapshot by Rasmus Andersson.
7:17 of 1st period - Stopped by Jordan Binnington without a rebound.
7:18 of 1st period - J.T. Miller wins face-off versus Bo Horvat in Chicago Black Hawks zone.
7:19 of 1st period - Wrist shot by Matthew Tkachuk.
7:19 of 1st period - Shot Misses the Net.
7:21 of 1st period - Snap shot by J.T. Miller.
7:21 of 1st period - Shot Misses the Net.
7:23 of 1st period - Slapshot by J.T. Miller.
7:23 of 1st period - Shot Misses the Net.
7:56 of 1st period - Minor Penalty to Marcus Pettersson for Hooking.
7:57 of 1st period - Patrice Bergeron wins face-off versus J.T. Miller in Chicago Black Hawks zone.
8:07 of 1st period - Backhand shot by Joel Eriksson Ek.
8:07 of 1st period - Stopped by Jordan Binnington with a rebound.
8:09 of 1st period - Wrist shot by J.T. Miller.
8:09 of 1st period - Stopped by Jordan Binnington without a rebound.
8:10 of 1st period - Patrice Bergeron wins face-off versus Sebastian Aho in Chicago Black Hawks zone.
9:56 of 1st period - Penalty to Marcus Pettersson is over, Marcus Pettersson is back on ice.
10:04 of 1st period - Wrist shot by Bo Horvat.
10:04 of 1st period - Shot Misses the Net.
10:42 of 1st period - Oliver Bjorkstrand is hit by Kirby Dach and loses puck.
11:03 of 1st period - Michael Anderson is hit by Michael Rasmussen and loses puck.
12:24 of 1st period - Minor Penalty to Kevin Fiala for High sticking.
12:25 of 1st period - Barrett Hayton wins face-off versus Sebastian Aho in Chicago Black Hawks zone.
12:38 of 1st period - Snap shot by Sebastian Aho.
12:38 of 1st period - Stopped by Jordan Binnington with a rebound.
12:40 of 1st period - Slapshot by Rasmus Andersson.
12:40 of 1st period - Shot Misses the Net.
13:34 of 1st period - Brent Burns is hit by Rasmus Andersson and loses puck.
14:24 of 1st period - Penalty to Kevin Fiala is over, Kevin Fiala is back on ice.
14:43 of 1st period - Kris Letang is hit by Kevin Fiala and loses puck.
14:54 of 1st period - Snap shot by Kevin Fiala.
14:54 of 1st period - Shot Misses the Net.
15:00 of 1st period - Travis Sanheim is hit by Rafael Harvey-Pinard and loses puck.
15:18 of 1st period - Slapshot by Kris Letang.
15:18 of 1st period - Stopped by Jordan Binnington with a rebound.
15:20 of 1st period - Snap shot by Cole Sillinger.
15:20 of 1st period - Shot Misses the Net.
15:24 of 1st period - Slapshot by Kris Letang.
15:24 of 1st period - Shot Blocked by Devon Toews.
15:26 of 1st period - Slapshot by Drew Doughty.
15:26 of 1st period - Stopped by Jordan Binnington with a rebound.
15:28 of 1st period - Slapshot by Kris Letang.
15:28 of 1st period - Deflect By Kevin Fiala.
15:28 of 1st period - Stopped by Jordan Binnington without a rebound.
15:29 of 1st period - Shane Pinto wins face-off versus Sebastian Aho in Chicago Black Hawks zone.
15:40 of 1st period - Slapshot by Cale Makar.
15:40 of 1st period - Shot Blocked by Jeff Petry.
15:42 of 1st period - Slapshot by Cale Makar.
15:42 of 1st period - Shot Misses the Net.
15:44 of 1st period - Snap shot by Michael Rasmussen.
15:44 of 1st period - Shot Blocked by Jeff Petry.
15:54 of 1st period - Cale Makar is hit by Mathieu Joseph and loses puck.
16:20 of 1st period - Snap shot by Bo Horvat.
16:20 of 1st period - Shot Blocked by Jeff Petry.
16:22 of 1st period - Wrist shot by Marcus Pettersson.
16:22 of 1st period - Shot Blocked by J.T. Miller.
17:57 of 1st period - Snap shot by Matthew Tkachuk.
17:57 of 1st period - Stopped by Jordan Binnington with a rebound.
18:11 of 1st period - Devon Toews is hit by Kris Letang and loses puck.
18:34 of 1st period - Seth Jones is hit by Drew Doughty and loses puck.
18:55 of 1st period - Seth Jones is hit by Zach Hyman.
19:15 of 1st period - Travis Sanheim is hit by J.T. Miller and loses puck.
19:33 of 1st period - Snap shot by J.T. Miller.
19:33 of 1st period - Shot Misses the Net.
19:35 of 1st period - Slapshot by Matthew Tkachuk.
19:35 of 1st period - Deflect By Joel Eriksson Ek.
19:35 of 1st period - Shot Misses the Net.
19:35 of 1st period - Puck is out of play.
19:36 of 1st period - Sebastian Aho wins face-off versus Patrice Bergeron in Chicago Black Hawks zone.
19:39 of 1st period - Wrist shot by Timo Meier.
19:39 of 1st period - Stopped by Jordan Binnington without a rebound.
19:40 of 1st period - Patrice Bergeron wins face-off versus Sebastian Aho in Chicago Black Hawks zone.
19:55 of 1st period - Slapshot by Timo Meier.
19:55 of 1st period - Deflect By Zach Hyman.
19:55 of 1st period - Stopped by Jordan Binnington with a rebound.
19:57 of 1st period - Snap shot by Timo Meier.
19:57 of 1st period - Shot Misses the Net.
Goals for this period are 0 for Calgary Flames vs 1 for Chicago Black Hawks.
Shots for this period are 12 for Calgary Flames vs 13 for Chicago Black Hawks.
2nd period
0:01 of 2nd period - Patrice Bergeron wins face-off versus J.T. Miller in neutral zone.
0:14 of 2nd period - Slapshot by Joel Eriksson Ek.
0:14 of 2nd period - Stopped by Jordan Binnington without a rebound.
0:15 of 2nd period - Nicholas Paul wins face-off versus Sebastian Aho in Chicago Black Hawks zone.
0:22 of 2nd period - Snap shot by Timo Meier.
0:22 of 2nd period - Stopped by Jordan Binnington with a rebound.
0:24 of 2nd period - Snap shot by Timo Meier.
0:24 of 2nd period - Shot Blocked by Devon Toews.
0:28 of 2nd period - Wrist shot by Sebastian Aho.
0:28 of 2nd period - Shot Misses the Net.
0:42 of 2nd period - Snap shot by Oliver Bjorkstrand.
0:42 of 2nd period - Shot Blocked by Devon Toews.
0:44 of 2nd period - Snap shot by Mathieu Joseph.
0:44 of 2nd period - Shot Misses the Net.
0:46 of 2nd period - Slapshot by Rasmus Andersson.
0:46 of 2nd period - Shot Misses the Net.
0:48 of 2nd period - Snap shot by Mathieu Joseph.
0:48 of 2nd period - Stopped by Jordan Binnington with a rebound.
0:50 of 2nd period - Wrist shot by Mathieu Joseph.
0:50 of 2nd period - Shot Misses the Net.
0:52 of 2nd period - Wrist shot by Nic Dowd.
0:52 of 2nd period - Goal by Nic Dowd - Calgary Flames : 1 - Chicago Black Hawks : 1.
0:53 of 2nd period - Patrice Bergeron wins face-off versus J.T. Miller in neutral zone.
1:20 of 2nd period - Matthew Tkachuk is hit by Cale Makar and loses puck.
1:43 of 2nd period - Snap shot by Matthew Tkachuk.
1:43 of 2nd period - Stopped by Jordan Binnington with a rebound.
1:49 of 2nd period - Slapshot by J.T. Miller.
1:49 of 2nd period - Shot Misses the Net.
1:51 of 2nd period - Slapshot by Michael Anderson.
1:51 of 2nd period - Shot Hit the Post.
1:53 of 2nd period - Wrist shot by Matthew Tkachuk.
1:53 of 2nd period - Stopped by Jordan Binnington with a rebound.
1:55 of 2nd period - Slapshot by Jeff Petry.
1:55 of 2nd period - Shot Misses the Net.
1:57 of 2nd period - Snap shot by Matthew Tkachuk.
1:57 of 2nd period - Deflect By Joel Eriksson Ek.
1:57 of 2nd period - Stopped by Jordan Binnington with a rebound.
2:12 of 2nd period - Slapshot by Joel Eriksson Ek.
2:12 of 2nd period - Stopped by Jordan Binnington with a rebound.
2:14 of 2nd period - Slapshot by Jacob Middleton.
2:14 of 2nd period - Stopped by Jordan Binnington without a rebound.
2:15 of 2nd period - Patrice Bergeron wins face-off versus Sebastian Aho in Chicago Black Hawks zone.
2:20 of 2nd period - Zach Hyman is hit by Patrice Bergeron and loses puck.
2:50 of 2nd period - Marcus Pettersson is hit by Rasmus Andersson and loses puck.
3:07 of 2nd period - Snap shot by Drew Doughty.
3:07 of 2nd period - Deflect By Rafael Harvey-Pinard.
3:07 of 2nd period - Stopped by Jordan Binnington with a rebound.
4:00 of 2nd period - Rafael Harvey-Pinard is hit by Jaden Schwartz and loses puck.
4:15 of 2nd period - Backhand shot by Michael Rasmussen.
4:15 of 2nd period - Stopped by Ilya Sorokin without a rebound.
4:16 of 2nd period - Sebastian Aho wins face-off versus Patrice Bergeron in Calgary Flames zone.
4:18 of 2nd period - Minor Penalty to Drew Doughty for Hooking.
4:19 of 2nd period - Patrice Bergeron wins face-off versus J.T. Miller in Calgary Flames zone.
4:23 of 2nd period - Snap shot by Patrice Bergeron.
4:23 of 2nd period - Stopped by Ilya Sorokin with a rebound.
4:25 of 2nd period - Wrist shot by Kirby Dach.
4:25 of 2nd period - Shot Blocked by J.T. Miller.
4:27 of 2nd period - Wrist shot by Barrett Hayton.
4:27 of 2nd period - Shot Misses the Net.
4:29 of 2nd period - Slapshot by Brent Burns.
4:29 of 2nd period - Deflect By Patrice Bergeron.
4:29 of 2nd period - Shot Hit the Post.
4:29 of 2nd period - Puck is out of play.
4:30 of 2nd period - Patrice Bergeron wins face-off versus J.T. Miller in Calgary Flames zone.
5:14 of 2nd period - Snap shot by Patrice Bergeron.
5:14 of 2nd period - Shot Misses the Net.
5:16 of 2nd period - Slapshot by Barrett Hayton.
5:16 of 2nd period - Shot Hit the Post.
5:18 of 2nd period - Slapshot by Brent Burns.
5:18 of 2nd period - Deflect By Rasmus Andersson.
5:18 of 2nd period - Stopped by Ilya Sorokin without a rebound.
5:19 of 2nd period - Bo Horvat wins face-off versus Joel Eriksson Ek in Calgary Flames zone.
5:36 of 2nd period - Wrist shot by Bo Horvat.
5:36 of 2nd period - Stopped by Ilya Sorokin with a rebound.
6:18 of 2nd period - Penalty to Drew Doughty is over, Drew Doughty is back on ice.
6:20 of 2nd period - Slapshot by Michael Anderson.
6:20 of 2nd period - Shot Blocked by Seth Jones.
6:22 of 2nd period - Slapshot by Kris Letang.
6:22 of 2nd period - Shot Blocked by Brent Burns.
6:24 of 2nd period - Slapshot by Jeff Petry.
6:24 of 2nd period - Stopped by Jordan Binnington with a rebound.
6:26 of 2nd period - Wrist shot by Jeff Petry.
6:26 of 2nd period - Shot Misses the Net.
6:30 of 2nd period - Snap shot by Nic Dowd.
6:30 of 2nd period - Stopped by Jordan Binnington with a rebound.
6:37 of 2nd period - Minor Penalty to Brent Burns for Hooking.
6:38 of 2nd period - Sebastian Aho wins face-off versus Frederick Gaudreau in Chicago Black Hawks zone.
7:04 of 2nd period - Matthew Tkachuk is hit by Travis Sanheim.
8:37 of 2nd period - Penalty to Brent Burns is over, Brent Burns is back on ice.
8:43 of 2nd period - Slapshot by Brent Burns.
8:43 of 2nd period - Deflect By Conor Sheary.
8:43 of 2nd period - Shot Blocked by Mathieu Joseph.
8:43 of 2nd period - Puck is out of play.
8:44 of 2nd period - Conor Sheary wins face-off versus Nic Dowd in Calgary Flames zone.
8:52 of 2nd period - Minor Penalty to Nicholas Paul for Holding.
8:53 of 2nd period - J.T. Miller wins face-off versus Patrice Bergeron in Chicago Black Hawks zone.
9:06 of 2nd period - Wrist shot by Joel Eriksson Ek.
9:06 of 2nd period - Shot Blocked by Devon Toews.
9:08 of 2nd period - Backhand shot by Rasmus Andersson.
9:08 of 2nd period - Deflect By Joel Eriksson Ek.
9:08 of 2nd period - Shot Misses the Net.
9:08 of 2nd period - Puck is out of play.
9:09 of 2nd period - Barrett Hayton wins face-off versus Sebastian Aho in Chicago Black Hawks zone.
9:38 of 2nd period - Icing by Joel Eriksson Ek.
9:39 of 2nd period - J.T. Miller wins face-off versus Barrett Hayton in Calgary Flames zone.
9:39 of 2nd period - J.T. Miller is hit by Devon Toews.
10:09 of 2nd period - Travis Sanheim is hit by Joel Eriksson Ek and loses puck.
10:22 of 2nd period - Slapshot by J.T. Miller.
10:22 of 2nd period - Shot Blocked by Brent Burns.
10:32 of 2nd period - Wrist shot by Kris Letang.
10:32 of 2nd period - Deflect By Matthew Tkachuk.
10:32 of 2nd period - Stopped by Jordan Binnington with a rebound.
10:42 of 2nd period - Snap shot by Kris Letang.
10:42 of 2nd period - Goal by Kris Letang - Calgary Flames : 2 - Chicago Black Hawks : 1.
10:43 of 2nd period - Patrice Bergeron wins face-off versus Nic Dowd in neutral zone.
11:38 of 2nd period - Bo Horvat is hit by Cole Sillinger and loses puck.
12:07 of 2nd period - Minor Penalty to Matthew Tkachuk for Tripping.
12:08 of 2nd period - Patrice Bergeron wins face-off versus Nic Dowd in Calgary Flames zone.
12:13 of 2nd period - Snap shot by Kirby Dach.
12:13 of 2nd period - Shot Misses the Net.
12:15 of 2nd period - Slapshot by Kirby Dach.
12:15 of 2nd period - Shot Misses the Net.
12:17 of 2nd period - Slapshot by Cale Makar.
12:17 of 2nd period - Stopped by Ilya Sorokin with a rebound.
12:39 of 2nd period - Michael Anderson is hit by Kevin Fiala and loses puck.
14:07 of 2nd period - Penalty to Matthew Tkachuk is over, Matthew Tkachuk is back on ice.
14:24 of 2nd period - Jaden Schwartz is hit by Jacob Middleton and loses puck.
14:29 of 2nd period - Wrist shot by Timo Meier.
14:29 of 2nd period - Shot Misses the Net.
15:00 of 2nd period - Slapshot by Cale Makar.
15:00 of 2nd period - Shot Blocked by Timo Meier.
15:46 of 2nd period - Wrist shot by Conor Sheary.
15:46 of 2nd period - Stopped by Ilya Sorokin without a rebound.
15:47 of 2nd period - Nic Dowd wins face-off versus Patrice Bergeron in Calgary Flames zone.
15:58 of 2nd period - Snap shot by Mathieu Joseph.
15:58 of 2nd period - Stopped by Jordan Binnington with a rebound.
16:19 of 2nd period - Devon Toews is hit by Rafael Harvey-Pinard and loses puck.
17:46 of 2nd period - Seth Jones is hit by Jeff Petry and loses puck.
18:43 of 2nd period - Timo Meier is hit by Cale Makar and loses puck.
19:14 of 2nd period - Patrice Bergeron is hit by Michael Anderson.
19:15 of 2nd period - Icing by Patrice Bergeron.
19:16 of 2nd period - Patrice Bergeron wins face-off versus J.T. Miller in Chicago Black Hawks zone.
19:43 of 2nd period - Slapshot by Kris Letang.
19:43 of 2nd period - Shot Misses the Net.
Goals for this period are 2 for Calgary Flames vs 0 for Chicago Black Hawks.
Shots for this period are 15 for Calgary Flames vs 6 for Chicago Black Hawks.
3rd period
0:01 of 3rd period - Sebastian Aho wins face-off versus Kirby Dach in neutral zone.
0:09 of 3rd period - Drew Doughty is hit by Barrett Hayton and loses puck.
0:14 of 3rd period - Snap shot by Kirby Dach.
0:14 of 3rd period - Stopped by Ilya Sorokin with a rebound.
0:16 of 3rd period - Snap shot by Kirby Dach.
0:16 of 3rd period - Shot Hit the Post.
0:26 of 3rd period - Vincent Trocheck is hit by J.T. Miller and loses puck.
0:34 of 3rd period - Minor Penalty to Matthew Tkachuk for Tripping.
0:35 of 3rd period - J.T. Miller wins face-off versus Kevin Fiala in Calgary Flames zone.
1:05 of 3rd period - Slapshot by Cale Makar.
1:05 of 3rd period - Shot Blocked by Drew Doughty.
1:07 of 3rd period - Slapshot by Devon Toews.
1:07 of 3rd period - Shot Blocked by Mathieu Joseph.
1:09 of 3rd period - Slapshot by Barrett Hayton.
1:09 of 3rd period - Shot Misses the Net.
1:11 of 3rd period - Snap shot by Kirby Dach.
1:11 of 3rd period - Deflect By Patrice Bergeron.
1:11 of 3rd period - Stopped by Ilya Sorokin without a rebound.
1:12 of 3rd period - J.T. Miller wins face-off versus Bo Horvat in Calgary Flames zone.
1:19 of 3rd period - Snap shot by Nic Dowd.
1:19 of 3rd period - Stopped by Jordan Binnington without a rebound.
1:20 of 3rd period - J.T. Miller wins face-off versus Bo Horvat in Chicago Black Hawks zone.
2:34 of 3rd period - Penalty to Matthew Tkachuk is over, Matthew Tkachuk is back on ice.
2:41 of 3rd period - Snap shot by Seth Jones.
2:41 of 3rd period - Deflect By Kirby Dach.
2:41 of 3rd period - Shot Misses the Net.
2:41 of 3rd period - Puck is out of play.
2:42 of 3rd period - Patrice Bergeron wins face-off versus Sebastian Aho in Calgary Flames zone.
2:47 of 3rd period - Snap shot by Patrice Bergeron.
2:47 of 3rd period - Deflect By Kirby Dach.
2:47 of 3rd period - Stopped by Ilya Sorokin without a rebound.
2:48 of 3rd period - Patrice Bergeron wins face-off versus Timo Meier in Calgary Flames zone.
2:53 of 3rd period - Backhand shot by Patrice Bergeron.
2:53 of 3rd period - Stopped by Ilya Sorokin with a rebound.
2:55 of 3rd period - Snap shot by Travis Sanheim.
2:55 of 3rd period - Shot Misses the Net.
2:57 of 3rd period - Snap shot by Patrice Bergeron.
2:57 of 3rd period - Shot Blocked by Jeff Petry.
2:59 of 3rd period - Slapshot by Marcus Pettersson.
2:59 of 3rd period - Shot Blocked by Michael Anderson.
3:01 of 3rd period - Wrist shot by Kirby Dach.
3:01 of 3rd period - Shot Blocked by Michael Anderson.
3:03 of 3rd period - Slapshot by Patrice Bergeron.
3:03 of 3rd period - Stopped by Ilya Sorokin without a rebound.
3:04 of 3rd period - Nicholas Paul wins face-off versus Nic Dowd in Calgary Flames zone.
3:11 of 3rd period - Wrist shot by Conor Sheary.
3:11 of 3rd period - Stopped by Ilya Sorokin without a rebound.
3:12 of 3rd period - Nicholas Paul wins face-off versus Nic Dowd in Calgary Flames zone.
3:28 of 3rd period - Minor Penalty to Marcus Pettersson for Interference.
3:29 of 3rd period - Sebastian Aho wins face-off versus Barrett Hayton in Chicago Black Hawks zone.
3:39 of 3rd period - Snap shot by Timo Meier.
3:39 of 3rd period - Shot Misses the Net.
3:41 of 3rd period - Slapshot by Timo Meier.
3:41 of 3rd period - Stopped by Jordan Binnington with a rebound.
3:43 of 3rd period - Snap shot by Sebastian Aho.
3:43 of 3rd period - Stopped by Jordan Binnington without a rebound.
3:44 of 3rd period - J.T. Miller wins face-off versus Patrice Bergeron in Chicago Black Hawks zone.
4:11 of 3rd period - Michael Anderson is hit by Patrice Bergeron.
4:17 of 3rd period - Wrist shot by Sebastian Aho.
4:17 of 3rd period - Shot Blocked by Brent Burns.
4:19 of 3rd period - Slapshot by Kris Letang.
4:19 of 3rd period - Stopped by Jordan Binnington without a rebound.
4:20 of 3rd period - Sebastian Aho wins face-off versus Barrett Hayton in Chicago Black Hawks zone.
4:21 of 3rd period - Wrist shot by Timo Meier.
4:21 of 3rd period - Stopped by Jordan Binnington with a rebound.
4:23 of 3rd period - Slapshot by Kris Letang.
4:23 of 3rd period - Stopped by Jordan Binnington with a rebound.
4:49 of 3rd period - Wrist shot by J.T. Miller.
4:49 of 3rd period - Goal by J.T. Miller - Calgary Flames : 3 - Chicago Black Hawks : 1.
4:50 of 3rd period - Patrice Bergeron wins face-off versus J.T. Miller in neutral zone.
4:53 of 3rd period - Slapshot by Cale Makar.
4:53 of 3rd period - Stopped by Ilya Sorokin with a rebound.
4:59 of 3rd period - Snap shot by Matthew Tkachuk.
4:59 of 3rd period - Stopped by Jordan Binnington without a rebound.
5:00 of 3rd period - J.T. Miller wins face-off versus Patrice Bergeron in Chicago Black Hawks zone.
5:13 of 3rd period - Wrist shot by Joel Eriksson Ek.
5:13 of 3rd period - Shot Blocked by Kirby Dach.
5:15 of 3rd period - Wrist shot by Matthew Tkachuk.
5:15 of 3rd period - Deflect By J.T. Miller.
5:15 of 3rd period - Stopped by Jordan Binnington without a rebound.
5:16 of 3rd period - Sebastian Aho wins face-off versus Bo Horvat in Chicago Black Hawks zone.
5:34 of 3rd period - Off-side.
5:35 of 3rd period - Patrice Bergeron wins face-off versus J.T. Miller in neutral zone.
5:51 of 3rd period - Wrist shot by J.T. Miller.
5:51 of 3rd period - Shot Misses the Net.
6:26 of 3rd period - Snap shot by Nicholas Paul.
6:26 of 3rd period - Stopped by Ilya Sorokin with a rebound.
6:28 of 3rd period - Snap shot by Jaden Schwartz.
6:28 of 3rd period - Stopped by Ilya Sorokin without a rebound.
6:29 of 3rd period - Nicholas Paul wins face-off versus Nic Dowd in Calgary Flames zone.
6:34 of 3rd period - Slapshot by Jaden Schwartz.
6:34 of 3rd period - Shot Misses the Net.
6:56 of 3rd period - Devon Toews is hit by Drew Doughty and loses puck.
7:05 of 3rd period - Slapshot by Kirby Dach.
7:05 of 3rd period - Shot Misses the Net.
7:09 of 3rd period - Slapshot by Patrice Bergeron.
7:09 of 3rd period - Deflect By Kirby Dach.
7:09 of 3rd period - Shot Misses the Net.
7:09 of 3rd period - Puck is out of play.
7:10 of 3rd period - Bo Horvat wins face-off versus J.T. Miller in Calgary Flames zone.
8:08 of 3rd period - Minor Penalty to Timo Meier for Hooking.
8:09 of 3rd period - Patrice Bergeron wins face-off versus Joel Eriksson Ek in Calgary Flames zone.
8:24 of 3rd period - Snap shot by Patrice Bergeron.
8:24 of 3rd period - Goal by Patrice Bergeron - Calgary Flames : 3 - Chicago Black Hawks : 2.
8:25 of 3rd period - Patrice Bergeron wins face-off versus J.T. Miller in neutral zone.
8:28 of 3rd period - J.T. Miller is hit by Barrett Hayton.
8:36 of 3rd period - Snap shot by Brent Burns.
8:36 of 3rd period - Stopped by Ilya Sorokin without a rebound.
8:37 of 3rd period - J.T. Miller wins face-off versus Patrice Bergeron in Calgary Flames zone.
8:49 of 3rd period - Minor Penalty to Barrett Hayton for Holding.
8:50 of 3rd period - Sebastian Aho wins face-off versus Patrice Bergeron in Chicago Black Hawks zone.
8:52 of 3rd period - Slapshot by Sebastian Aho.
8:52 of 3rd period - Stopped by Jordan Binnington without a rebound.
8:53 of 3rd period - Patrice Bergeron wins face-off versus Sebastian Aho in Chicago Black Hawks zone.
9:30 of 3rd period - Snap shot by Matthew Tkachuk.
9:30 of 3rd period - Shot Misses the Net.
9:32 of 3rd period - Wrist shot by Joel Eriksson Ek.
9:32 of 3rd period - Goal by Joel Eriksson Ek - Calgary Flames : 4 - Chicago Black Hawks : 2.
9:33 of 3rd period - Patrice Bergeron wins face-off versus Timo Meier in neutral zone.
9:47 of 3rd period - Icing by Barrett Hayton.
9:48 of 3rd period - Nic Dowd wins face-off versus Patrice Bergeron in Chicago Black Hawks zone.
10:02 of 3rd period - Minor Penalty to Mathieu Joseph for Interference.
10:03 of 3rd period - J.T. Miller wins face-off versus Patrice Bergeron in Calgary Flames zone.
10:11 of 3rd period - Matthew Tkachuk is hit by Cale Makar and loses puck.
11:50 of 3rd period - Barrett Hayton is hit by Michael Anderson and loses puck.
12:02 of 3rd period - Penalty to Mathieu Joseph is over, Mathieu Joseph is back on ice.
12:18 of 3rd period - Conor Sheary is hit by Timo Meier and loses puck.
12:39 of 3rd period - Nicholas Paul is hit by Rafael Harvey-Pinard and loses puck.
13:11 of 3rd period - Marcus Pettersson is hit by Kris Letang.
14:12 of 3rd period - Snap shot by Vincent Trocheck.
14:12 of 3rd period - Stopped by Ilya Sorokin with a rebound.
14:14 of 3rd period - Backhand shot by Vincent Trocheck.
14:14 of 3rd period - Stopped by Ilya Sorokin without a rebound.
14:15 of 3rd period - Sebastian Aho wins face-off versus Bo Horvat in Calgary Flames zone.
14:48 of 3rd period - Slapshot by J.T. Miller.
14:48 of 3rd period - Stopped by Jordan Binnington with a rebound.
15:04 of 3rd period - Devon Toews is hit by Oliver Bjorkstrand and loses puck.
15:31 of 3rd period - Barrett Hayton is hit by Kris Letang and loses puck.
15:50 of 3rd period - Slapshot by Cole Sillinger.
15:50 of 3rd period - Shot Blocked by Patrice Bergeron.
15:52 of 3rd period - Snap shot by Cole Sillinger.
15:52 of 3rd period - Shot Blocked by Kirby Dach.
15:56 of 3rd period - Snap shot by Rafael Harvey-Pinard.
15:56 of 3rd period - Deflect By Cole Sillinger.
15:56 of 3rd period - Stopped by Jordan Binnington without a rebound.
15:57 of 3rd period - Nicholas Paul wins face-off versus Cole Sillinger in Chicago Black Hawks zone.
17:16 of 3rd period - Icing by Cale Makar.
17:17 of 3rd period - Shane Pinto wins face-off versus J.T. Miller in Chicago Black Hawks zone.
17:30 of 3rd period - Slapshot by Joel Eriksson Ek.
17:30 of 3rd period - Shot Misses the Net.
17:53 of 3rd period - Snap shot by Kirby Dach.
17:53 of 3rd period - Shot Blocked by Jacob Middleton.
18:31 of 3rd period - Snap shot by Bo Horvat.
18:31 of 3rd period - Shot Blocked by Cole Sillinger.
18:51 of 3rd period - Slapshot by Joel Eriksson Ek.
18:51 of 3rd period - Shot Hit the Post.
18:57 of 3rd period - Wrist shot by Joel Eriksson Ek.
18:57 of 3rd period - Shot Hit the Post.
19:03 of 3rd period - Matthew Tkachuk is hit by Bo Horvat and loses puck.
Goals for this period are 2 for Calgary Flames vs 1 for Chicago Black Hawks.
Shots for this period are 13 for Calgary Flames vs 13 for Chicago Black Hawks.
Back to the Top